 Dungeon Crawl Stone Soup version 0.28-a0-793-g31680bbd8b (webtiles) character file.

Game seed: 17848907041737653204

117 Decritt the Chopper (level 4, -2/40 HPs)
             Began as a Minotaur Gladiator on Aug 1, 2021.
             Succumbed to an adder's poison
             ... on level 2 of the Dungeon on Nov 5, 2021.
             The game lasted 00:11:32 (1635 turns).

Decritt the Chopper (Minotaur Gladiator)            Turns: 1635, Time: 00:11:33

Health: -2/40      AC:  3    Str: 20    XL:     4   Next: 71%
Magic:  3/3        EV: 12    Int:  5    God:
Gold:   89         SH:  0    Dex: 11    Spells: 3/3 levels left

rFire   . . .      SeeInvis .   a - +0 war axe
rCold   . . .      Faith    .   (no shield)
rNeg    . . .      Spirit   .   b - +0 leather armour
rPois   .          Reflect  .   c - +0 hat
rElec   .          Harm     .   (no cloak)
rCorr   .          Rampage  .   (no gloves)
Will    .....                   (no boots)
Stlth   +.........              (no amulet)
HPRegen 0.13/turn               (no ring)
MPRegen 0.08/turn               (no ring)

@: lethally poisoned (-2 -> -13)
A: horns 2, retaliatory headbutt
a: no special abilities


You were on level 2 of the Dungeon.
You visited 1 branch of the dungeon, and saw 3 of its levels.

You collected 89 gold pieces.

Inventory:

Hand Weapons
 a - a +0 war axe (weapon)
Missiles
 d - 3 throwing nets (quivered)
Armour
 b - a +0 leather armour (worn)
 c - a +0 hat (worn)
Scrolls
 f - a scroll of immolation {unknown}
 g - a scroll of magic mapping {unknown}
 h - a scroll of amnesia {unknown}
 i - a scroll of noise {unknown}
 k - a scroll of identify {unknown}
 l - a scroll of enchant weapon {unknown}
Potions
 e - a potion of lignification {unknown}
 j - a potion of degeneration {unknown}


   Skills:
 + Level 3.6 Fighting
 + Level 4.5 Axes
 + Level 2.9 Throwing
 + Level 4.1 Dodging


You had 3 spell levels left.
You didn't know any spells.
Your spell library was empty.

Dungeon Overview and Level Annotations

Branches:
Dungeon (3/15)

Altars:
Kikubaaqudgha


Innate Abilities, Weirdness & Mutations

You have a pair of horns on your head.
You reflexively headbutt those who attack you in melee.


Message History

You feel sick.
The ball python bites you but does no damage.
The ball python grabs you. The ball python constricts you.
The adder bites you but does no damage. The rat bites you.
* * * LOW HITPOINT WARNING * * *
You feel sick.
The ball python bites you but does no damage.
The ball python constricts you. The adder bites you.
* * * LOW HITPOINT WARNING * * *
The rat bites you but does no damage.
You feel sick.
The ball python bites you but does no damage.
The ball python constricts you.
* * * LOW HITPOINT WARNING * * *
The adder bites you but does no damage. The rat bites you but does no damage.
You feel sick. The adder bites you.
* * * LOW HITPOINT WARNING * * *
You are more poisoned.
The adder poisons you! The ball python closely misses you.
You furiously retaliate!
You headbutt the ball python, but do no damage.
The ball python constricts you.
* * * LOW HITPOINT WARNING * * *
The rat misses you. You furiously retaliate!
You headbutt the rat!
You kill the rat!
The adder barely misses you.
The ball python bites you but does no damage.
The ball python constricts you.
* * * LOW HITPOINT WARNING * * *
You feel sick. The adder bites you.
* * * LOW HITPOINT WARNING * * *
You are more poisoned.
The adder poisons you! The ball python barely misses you.
You furiously retaliate!
You headbutt the ball python!
You kill the ball python!
* * * LOW HITPOINT WARNING * * *
You feel very sick. The adder bites you.
* * * LOW HITPOINT WARNING * * *
You die...

.### #.####...#....###.
#.# #............
.......#.......###
##..#####.#....## #..
#.......# #. ##.#
##...##.### #..#..
###.##..#. #.#...†####
#.###.#. ......S@..##
#.###...
?#.....##..######..####.
....##..................
#.# ######...####......
. ###.## #..##.<
#..####.###.
##...##..### ###.......#
.##########..#...


You could see an adder.

Vanquished Creatures
  A scorpion (D:3)
  An adder (D:2)
  A gnoll (D:1)
  A dart slug (D:1)
  7 endoplasms
  4 giant cockroaches (D:2)
  2 goblins (D:1)
  2 hobgoblins
  2 kobolds
  A quokka (D:2)
  8 ball pythons
  4 bats
  2 frilled lizards (D:1)
  A rat (D:2)
37 creatures vanquished.

Notes
Turn   | Place    | Note
-------+----------+-------------------------------------------
     0 | D:1      | Decritt the Minotaur Gladiator began the quest for the Orb.
     0 | D:1      | Reached XP level 1. HP: 18/18 MP: 0/0
   229 | D:1      | Reached XP level 2. HP: 25/25 MP: 1/1
   356 | D:1      | Reached XP level 3. HP: 31/31 MP: 2/2
   846 | D:1      | Upgraded the game from 0.28-a0-71-g84acfa7270 to
                  | 0.28-a0-691-gad6df49e81
   911 | D:1      | Upgraded the game from 0.28-a0-691-gad6df49e81 to
                  | 0.28-a0-697-g47f3eba078
   945 | D:2      | Upgraded the game from 0.28-a0-697-g47f3eba078 to
                  | 0.28-a0-793-g31680bbd8b
   956 | D:3      | Noticed a scorpion
   961 | D:3      | Killed a scorpion
   962 | D:3      | Reached XP level 4. HP: 21/38 MP: 3/3
  1498 | D:2      | Found a faded altar of an unknown god.
  1537 | D:2      | Found an ancient bone altar of Kikubaaqudgha.
  1634 | D:2      | HP: 2/40 [poisoned by an adder]
  1635 | D:2      | Succumbed to an adder's poison

Illustrated notes

Levels and vault maps discovered:
D:1:      lemuel_arrival_room, layout_basic
D:2:      layout_rooms, basic_ecumenical_altar, basic_altar, st_stairs_1,
          hex_large
D:3:      layout_basic, trog_butcher_becter, portal_sewer_entry_e, st_stairs_5,
          grunt_ministairs_1, minmay_unequal, uniq_robin

Skill      XL: |  1  2  3 |
---------------+----------+-----
Axes           | 4 |  4.5
Fighting       | 3 |  3.6
Dodging        | 4 |  4.1
Throwing       | |  2.9

Action                   |  1- 3 |  4- 6 || total
-------------------------+-------+-------++-------
Melee: War axe           |    30 |    19 ||    49
       Headbutt          |     4 |       ||     4
Armor: Leather armour    |    10 |    18 ||    28
Dodge: Dodged            |    26 |    32 ||    58

Table legend: (Time is in decaauts)
 A = Elapsed time spent in this place.
 B = Non-inter-level travel time spent in this place.
 C = Inter-level travel time spent in this place.
 D = Time resting spent in this place.
 E = Time spent auto-exploring this place.
 F = Levels seen in this place.
 G = Mean time per level.
                   A        B        C        D        E       F      G
               +--------+--------+--------+--------+--------+-----+--------+
         Total |   1649 |   1634 |     15 |    292 |    873 |   3 |  549.7 |
       Dungeon |   1649 |   1634 |     15 |    292 |    873 |   3 |  549.7 |
               +--------+--------+--------+--------+--------+-----+--------+

Top non-repeatable levels by time:
     D:1: 929 daAuts
     D:2: 658 daAuts
     D:3: 61 daAuts
